[Event "20th Delhi GM Open 2023"]
[Site "New Delhi"]
[Date "2023.03.24"]
[Round "3.2"]
[White "Aravindh, Chithambaram VR."]
[Black "Abhrojyoty Nath"]
[Result "1-0"]
[ECO "A49"]
[WhiteElo "2607"]
[BlackElo "1675"]
[Annotator "TA"]
[PlyCount "77"]
[EventDate "2023.03.23"]
[EventType "swiss"]
[EventCountry "IND"]
[SourceTitle "playchess.com"]
[Source "ChessBase"]
[SourceQuality "1"]
[TimeControl "5400+30"]

1. d4 Nf6 2. Nf3 g6 3. g3 Bg7 4. Bg2 O-O 5. O-O d6 6. Nc3 Nbd7 7. a4 a5 {[%emt 0:01:44] A49: 1 d4 Nf6 2 Nf3 g6 3 g3: Anti-King's Indian systems.} 8. b3 Re8 9. Bb2 c6 {[%emt 0:11:56] White has an edge.} 10. e4 e5 11. Re1 Qc7 12. Qd2 {[%emt 0:00:51] [#]} b6 $146 ({Predecessor:} 12... exd4 13. Nxd4 Nc5 14. h3 Bd7 15. Rad1 Rad8 16. Kh2 Bc8 17. f4 Na6 18. Qf2 Nb4 {0-1 Praggnanandhaa,R (2608)-Maksimovic,B (2425) Titled Tuesday intern op 24th Aug blitz 2021 (3)}) 13. Rad1 Bb7 14. Ba3 Bf8 15. dxe5 dxe5 16. Bd6 Bxd6 17. Qxd6 Qxd6 18. Rxd6 {[%emt 0:00:06] Black must now prevent Bh3.} Kf8 (18... Re7 $11) 19. Nd2 (19. Red1 {is interesting.} Ke7 20. g4 Red8 21. g5) 19... Ke7 20. Nc4 $36 {[%emt 0:00:07][%mdl 2048] Black is under strong pressure.} Rac8 21. Red1 Ba6 22. Bh3 $1 Rc7 {[%emt 0:00:28] Black is now going downhill.} 23. Ne3 {[%emt 0:00:13] White is much more active.} Nc5 {[%emt 0:01:14] [#]} (23... Rd8 $16 {was called for.}) 24. Rxf6 $1 $18 Kxf6 {[%emt 0:01:08] [#]} 25. Ned5+ $1 cxd5 26. Nxd5+ Kg5 (26... Kg7 $142 27. Nxc7 Rb8 28. Nxa6 Nxa6) 27. Nxc7 Re7 28. Nd5 Rb7 29. Bc8 Rb8 30. Bxa6 Nxa6 {[%emt 0:00:02][%mdl 4096] Endgame KRN-KRN} 31. Ne3 Nc5 32. f3 f5 (32... Rb7 $142 33. Rd5 Kf6 34. Ng4+ Ke6 35. Rxe5+ Kd6 36. Rd5+ Ke6 37. Re5+ Kd6 38. Rd5+ Ke6) 33. exf5 gxf5 (33... Kf6 $142 34. fxg6 Kxg6 35. Rd6+ Kg7) 34. Rd6 {[%emt 0:00:11] Intending h4+ and mate.} e4 35. h4+ Kh5 36. Nxf5 exf3 37. Kh2 {[%emt 0:00:13] Threatening mate with Rh6+.} f2 38. Ng7+ Kg4 39. Rf6 {[%emt 0:00:04] Weighted Error Value: White=0.05 (flawless) /Black=0.53} 1-0

[Event "20th Delhi GM Open 2023"]
[Site "New Delhi"]
[Date "2023.03.24"]
[Round "3.3"]
[White "Aarohon Bharadwaj"]
[Black "Pantsulaia, Levan"]
[Result "0-1"]
[ECO "A04"]
[WhiteElo "1672"]
[BlackElo "2597"]
[Annotator "TA"]
[PlyCount "82"]
[EventDate "2023.03.23"]
[EventType "swiss"]
[EventCountry "IND"]
[SourceTitle "playchess.com"]
[Source "ChessBase"]
[SourceQuality "1"]
[TimeControl "5400+30"]

1. e4 c5 2. Nf3 e6 3. d3 Nc6 4. g3 g6 5. Bg2 Bg7 6. O-O Nge7 7. c3 e5 {[%emt 0:03:55] A04: Unusual lines after 1 Nf3 and King's Indian Attack.} 8. Be3 d6 9. a3 O-O {[%emt 0:00:29] The position is equal.} 10. b4 b6 11. Nbd2 h6 12. Nb3 Be6 13. b5 Nb8 {[%emt 0:00:22][%cal Bc6b8,Bb8d7,Bd7f6][%mdl 32] [#]} 14. Re1 $146 ({Predecessor:} 14. a4 Nd7 15. d4 exd4 16. cxd4 Bc4 17. Re1 a6 18. bxa6 Nc6 19. Rc1 Bxa6 20. Bf4 {½-½ Soham,D (2386)-Czebe,A (2422) Budapest FS05 GM 2019 (7)}) 14... a6 15. bxa6 Rxa6 16. d4 Qc7 17. Bf1 Ra8 18. a4 Nd7 19. Nbd2 (19. d5 $5 Bg4 $8 20. h3 Bxf3 21. Qxf3 $11) 19... Nf6 20. dxe5 dxe5 21. Qc2 Ng4 22. Bc4 Nxe3 23. Rxe3 Bxc4 24. Nxc4 b5 25. Nb2 Ra6 26. Qe2 {[%emt 0:18:32] [#] Rb1 would be deadly.} c4 27. Rd1 {[%emt 0:02:03] Black converts the advantage convincingly.} bxa4 28. Nxc4 Rc6 29. Na3 Rxc3 30. Rxc3 Qxc3 31. Rd3 Qc1+ 32. Qd1 Qxd1+ 33. Rxd1 Ra8 34. Ne1 (34. Rc1 $142) 34... Nc6 $19 35. Nec2 Bf8 36. Rd3 Nb4 37. Nxb4 Bxb4 38. Kg2 Kf8 {[%emt 0:02:06] Strongly threatening ...Bxa3.} 39. Rf3 (39. Nc2 {keeps fighting.} Be7 40. Na3) 39... Ke7 {[%emt 0:00:45] [#] Threatens to win with ...Bxa3. Black is clearly winning.} 40. Rd3 (40. Nc2 $142 Bd6 41. Rc3) 40... Bxa3 41. Rxa3 Kd6 {[%emt 0:00:03] Weighted Error Value: White=0.28 (precise) /Black=0.05 (flawless)} 0-1

[Event "20th Delhi GM Open 2023"]
[Site "New Delhi"]
[Date "2023.03.24"]
[Round "3.4"]
[White "Kobalia, Mikhail"]
[Black "Verma Ashu"]
[Result "1-0"]
[ECO "B00"]
[WhiteElo "2577"]
[BlackElo "1673"]
[Annotator "TA"]
[PlyCount "30"]
[EventDate "2023.03.23"]
[EventType "swiss"]
[EventCountry "IND"]
[SourceTitle "playchess.com"]
[Source "ChessBase"]
[SourceQuality "1"]
[TimeControl "5400+30"]

1. e4 Nc6 2. Nf3 f5 3. exf5 d5 4. d4 Bxf5 5. Bb5 e6 6. Ne5 {[%emt 0:01:40] Threatens to win with Qh5+. B00: Queen's Fianchetto Defence, Nimzowitsch Defence.} Nge7 7. Qh5+ (7. Nc3 $16) 7... g6 $11 8. Qe2 {[%emt 0:04:13] [#] g4 is the strong threat.} (8. Qh4 {keeps more tension.} Bg7 9. O-O O-O 10. Bg5) 8... Bg7 {[#]} 9. O-O $146 (9. Bg5 {seems wilder.} Qd6 10. c3 O-O 11. Nd2) ({Predecessor:} 9. Bxc6+ Nxc6 10. Nxc6 bxc6 11. g4 Be4 12. f3 Qh4+ 13. Kd1 O-O 14. fxe4 Bxd4 15. h3 {1-0 Bologan,V (2695)-Schneider,I (2515) Mainz Ordix op 17th rapid 2010 (9)}) 9... O-O 10. Bxc6 Nxc6 11. Nxc6 bxc6 12. c3 {[%emt 0:01:09] [#]} c5 $1 {[%mdl 64] Deflection} 13. dxc5 (13. g4 Bxb1) 13... e5 14. Nd2 Qe7 {[%emt 0:00:00][%mdl 1024] Black has compensation.} 15. b4 a5 {[%emt 0:03:30][%mdl 32768] White got outplayed after the opening.   Weighted Error Value: White=0.19 (very precise) /Black=0.05 (flawless) . Loss on time!?} 1-0

[Event "20th Delhi GM Open 2023"]
[Site "New Delhi"]
[Date "2023.03.24"]
[Round "3.5"]
[White "Mrityunjay Kumar"]
[Black "Mchedlishvili, Mikheil"]
[Result "0-1"]
[ECO "B51"]
[WhiteElo "1668"]
[BlackElo "2569"]
[Annotator "TA"]
[PlyCount "82"]
[EventDate "2023.03.23"]
[EventType "swiss"]
[EventCountry "IND"]
[SourceTitle "playchess.com"]
[Source "ChessBase"]
[SourceQuality "1"]
[TimeControl "5400+30"]

1. e4 c5 2. Nf3 d6 3. Bb5+ Nd7 4. a4 Ngf6 5. Nc3 g6 6. O-O {[%emt 0:00:00] B51: Sicilian: Moscow Variation (3 Bb5+) without 3...Bd7.} a6 7. Be2 Bg7 8. d4 {White is slightly better.} cxd4 $1 9. Nxd4 b6 10. f4 (10. Nc6 $5 Qc7 $8 11. Nb4 $11) 10... Bb7 11. Bf3 Qc7 {[#]} 12. Nb3 $146 ({Predecessor:} 12. Nde2 O-O 13. Be3 h5 14. Bd4 e5 15. Bf2 Nc5 16. fxe5 dxe5 17. Ng3 h4 18. Nh1 Ncxe4 19. Nxe4 Nxe4 20. Bxh4 {0-1 Blatov,I (2323)-Kadatsky,A (2353) Samara Zhigulevskie Prostory op 2007 (8)}) 12... O-O 13. Qe2 {Prevents b5.} (13. Be3 $11 {was preferrable.}) 13... Rac8 (13... e5 $17) 14. Be3 e5 15. Rad1 exf4 16. Bxf4 Ne5 17. Bxe5 dxe5 18. Kh1 Rfd8 19. Rxd8+ Rxd8 20. Rd1 Bf8 21. g3 (21. Rxd8 $142 Qxd8 22. Qd3) 21... h5 (21... Rxd1+ $142 22. Nxd1 Qd7) 22. Nd5 (22. Rxd8 $142 Qxd8 23. Qd3) 22... Nxd5 $17 23. exd5 Bd6 24. c4 a5 25. Nd2 f5 {[%emt 0:00:00] Wards off Ne4} 26. Rf1 (26. Bg2 $17) 26... Bc8 $19 27. Qe3 Re8 28. Be2 Rf8 ({Black should play} 28... e4 $19 29. Qg5 Qg7) 29. Nb1 (29. Nf3 $17) 29... Kh7 30. Nc3 Bc5 31. Qd2 Bd7 ({Better is} 31... Qe7 $19 32. Qe1 e4) 32. Nb5 {Now White is beyond hope.} (32. h4 $17) 32... Bxb5 33. axb5 e4 34. Rd1 {White is weak on the dark squares} Qd6 35. Kg2 $2 (35. Qc2 {is more resistant.}) 35... f4 {[#] Hoping for ...f3+.} 36. gxf4 (36. Rf1 $142 f3+ 37. Bxf3 exf3+ 38. Rxf3) 36... e3 ({Worse is} 36... Qxf4 37. Qxf4 Rxf4 38. Rf1 Rxf1 39. Kxf1 $17) 37. Qc1 Qxf4 {Black mates.} 38. Rf1 Qe4+ 39. Kg1 Rf2 40. Rxf2 exf2+ {[%emt 0:07:10][%mdl 64] [#] Discovered Attack} 41. Kf1 Qh1# {[%emt 0:27:02] Weighted Error Value: White=0.59/Black=0.16 (very precise)} 0-1

[Event "20th Delhi GM Open 2023"]
[Site "New Delhi"]
[Date "2023.03.24"]
[Round "3.6"]
[White "Murzin, Volodar"]
[Black "Shankhodip De"]
[Result "1-0"]
[ECO "A04"]
[WhiteElo "2554"]
[BlackElo "1671"]
[Annotator "TA"]
[PlyCount "71"]
[EventDate "2023.03.23"]
[EventType "swiss"]
[EventCountry "IND"]
[SourceTitle "playchess.com"]
[Source "ChessBase"]
[SourceQuality "1"]
[TimeControl "5400+30"]

1. Nf3 c5 2. g3 Nc6 3. Bg2 g6 4. O-O Bg7 5. e4 d6 6. c3 e5 7. a3 Nge7 8. b4 O-O 9. d3 b6 10. Nbd2 Ba6 {[%emt 0:11:11] A04: Unusual lines after 1 Nf3 and King's Indian Attack.} 11. Ne1 {[%emt 0:00:00][%cal Bf3e1,Be1c2,Bc2e3,Be3g2][%mdl 32] [#]} Bc8 $146 ({Predecessor:} 11... d5 12. exd5 Nb8 13. c4 e4 14. Rb1 exd3 15. d6 Nec6 16. b5 Bb7 17. bxc6 Nxc6 18. Nxd3 Qxd6 {1-0 Goumas,I (2206)-Siamidis,D (2163) Heraklion op 6th 2002 (9)}) 12. Nc2 Be6 {[%emt 0:00:00] The position is equal.} 13. b5 Nb8 (13... Na5 $5 ) 14. Bb2 Nd7 15. Ne3 (15. c4 {simplifies} a6 16. a4 axb5 17. axb5 Rxa1 18. Bxa1 f5 19. f4) 15... f5 (15... a6 $14) 16. exf5 $16 {[%emt 0:40:04][%mdl 64] Discovered Attack} gxf5 17. Bxa8 Qxa8 18. c4 f4 {[#]} 19. Ng2 Bh3 ({Black should try} 19... f3 $14) 20. Ne4 Nf6 {[%emt 0:00:00] Wards off Qh5} 21. Re1 ({Don't play} 21. gxf4 Nxe4 22. dxe4 Qxe4 $11) 21... Ng4 (21... Qb7 $16 {might work better.}) 22. f3 $18 Bxg2 23. fxg4 ({Weaker is} 23. Kxg2 Ne3+ 24. Rxe3 fxe3 $11) 23... Bh3 (23... f3 $142 24. a4 (24. Nxd6 $2 f2#) 24... Qc8) 24. Qf3 {[%emt 0:02:09] Hoping for gxf4.} (24. Nxd6 $2 Qg2#) 24... Ng6 25. Ra2 fxg3 $2 (25... Qc8) 26. Qxg3 Nf4 27. Bc1 (27. Nxd6 $2 {leads to mate.} Ne2+ 28. Rxe2 Rf1#) 27... d5 28. cxd5 Qxd5 {[%emt 0:19:30][%cal Of4d3] Threatens to win with ...Nxd3!} 29. Rf2 Nxd3 {[%emt 0:00:25] Strongly threatening ...Rxf2.} 30. Rxf8+ {[%emt 0:00:09][%mdl 64] Remove Defender} Kxf8 31. Qf3+ Nf4 32. Bxf4 exf4 33. Qxf4+ Kg8 34. Qb8+ {[%emt 0:00:17] White mates.} Kf7 {[#]} 35. Ng5+ $1 {[%mdl 576] Double Attack} Kg6 (35... Kf6 36. Qf4+) 36. Qe8+ {[%emt 0:00:46] Beautiful play by Murzin!   Weighted Error Value: White=0.05 (flawless) /Black=0.71} 1-0

[Event "20th Delhi GM Open 2023"]
[Site "New Delhi"]
[Date "2023.03.24"]
[Round "3.7"]
[White "Aditya Savalkar"]
[Black "Savchenko, Boris"]
[Result "0-1"]
[ECO "B88"]
[WhiteElo "1664"]
[BlackElo "2552"]
[Annotator "TA"]
[PlyCount "100"]
[EventDate "2023.03.23"]
[EventType "swiss"]
[EventCountry "IND"]
[SourceTitle "playchess.com"]
[Source "ChessBase"]
[SourceQuality "1"]
[TimeControl "5400+30"]

1. e4 c5 2. Nf3 Nc6 3. d4 cxd4 4. Nxd4 Nf6 5. Nc3 d6 6. Bc4 e6 7. Be3 Be7 {[%emt 0:00:10] 7...a6 injects fresh life into this line.} 8. O-O O-O 9. h3 a6 {[%emt 0:08:06] B88: Sicilian: Sozin Attack.} 10. f4 d5 {[%emt 0:00:34] [#] Threatens to win with ...Nxd4.} 11. exd5 exd5 {[%emt 0:00:37] The position is equal.} 12. Bb3 {[%emt 0:00:15] [#]} Re8 $146 ({Predecessor:} 12... Bc5 13. Kh1 Re8 14. Nxc6 bxc6 15. Bxc5 h5 16. Bd4 Bf5 17. Bxf6 Qxf6 18. Qxh5 d4 {1-0 Verbel,J (2034)-Suaza,Y (1976) Mosquera op 2014 (7)}) 13. Qf3 Bc5 14. Rad1 (14. Nce2 $1 $15) 14... Qb6 (14... Bg4 $17 15. hxg4 Rxe3 16. Qxe3 Nxd4) 15. Nce2 $11 Na5 16. Bf2 Nc4 17. Bxc4 dxc4 18. Qc3 {[%emt 0:00:21] Black keeps a firm grip on the game.} (18. Nc3 $15) 18... Ne4 $17 {[%emt 0:04:41] Black is more active.} 19. Qxc4 Be6 20. Qd3 Nxf2 (20... Bxa2 21. b3 $15) 21. Rxf2 Qxb2 {[%emt 0:00:18] And now ...b5 would win.} (21... Bxa2 22. c3) 22. f5 (22. Nc1 $17) 22... Bxa2 $19 23. c3 Qb6 24. Nf4 Bb3 $36 {[%emt 0:00:59][%mdl 2048] Black is in control.} 25. Rb1 {[%emt 0:04:40] [#]} Bc4 {[%emt 0:00:16][%mdl 576] Deflection} 26. Rxb6 Bxd3 {[%emt 0:00:07] This pair of bishops is nice.} 27. Rxb7 Bxf5 28. Kf1 $2 (28. Rc7 {keeps fighting.} Re1+ 29. Rf1) 28... Be4 29. Rc7 Bb6 30. Rd7 Rac8 31. Nfe2 (31. Rb2 {only move.} Bd8 32. Re2) 31... Bd3 32. Ke1 Bb5 (32... Rxc3 $2 33. Kd1 Ra3 34. Rfxf7 $19) 33. Rd6 Bxd4 34. Rxd4 Rxc3 35. Kd2 {[%emt 0:00:28] Prevents Rc2+} Rb3 36. Kc2 Ra3 (36... Rxe2+ 37. Rxe2 (37. Kxb3 Re3+ 38. Kb4 f6 $11) 37... g5 38. Kxb3 $14) 37. Kb2 Rae3 ({Less strong is} 37... Rxe2+ 38. Rxe2 (38. Kxa3 Re3+ 39. Kb4 f6 $11) 38... h6 39. Kxa3 $14) 38. Nc3 Bc6 39. Rd6 Ba8 {[%emt 0:01:44] White must now prevent ...Rb8+.} 40. Rxa6 Rb8+ 41. Kc2 Rg3 ({Wrong is} 41... Rc8 $2 42. Kd2 Rg3 43. Ne2 Rd8+ 44. Ke1 $19) 42. Ne2 $2 (42. Ra4) 42... Be4+ ({Weaker is} 42... Rxg2 43. Rxa8 Rxa8 44. Rxg2 $16) 43. Kd2 Rd3+ 44. Kc1 Rc8+ 45. Kb2 Rd2+ 46. Kb3 Bd5+ 47. Kb4 Rb2+ 48. Ka5 Rcb8 (48... Ra2+ $142 49. Kb6 Rc6+ 50. Kb5 Rcxa6) 49. Nc3 Rxf2 50. Nxd5 Ra2# {[%emt 0:00:42] A cool game by Savchenko.   Weighted Error Value: White=0.81/Black=0.29 (precise)} 0-1

[Event "20th Delhi GM Open 2023"]
[Site "New Delhi"]
[Date "2023.03.24"]
[Round "3.8"]
[White "Lalit Babu M R"]
[Black "Jaidambareesh N R"]
[Result "1/2-1/2"]
[ECO "D90"]
[WhiteElo "2544"]
[BlackElo "1666"]
[Annotator "TA"]
[PlyCount "108"]
[EventDate "2023.03.23"]
[EventType "swiss"]
[EventCountry "IND"]
[SourceTitle "playchess.com"]
[Source "ChessBase"]
[SourceQuality "1"]
[TimeControl "5400+30"]

1. d4 Nf6 2. Nf3 g6 3. c4 Bg7 4. Nc3 d5 5. h4 c6 6. Ne5 {[%emt 0:03:17] D90: Grünfeld: 4 Nf3 Bg7 sidelines.} Nbd7 {[%emt 0:06:31] [#]} 7. Bf4 $146 ({Predecessor:} 7. Nf3 O-O 8. cxd5 cxd5 9. Bf4 Re8 10. e3 Nb6 11. Ne5 Nbd7 12. Be2 Ne4 13. Nxd5 Qa5+ 14. b4 Qxd5 15. Bc4 {½-½ Kilani,K (2075)-Ferjaoui,K (1759) Hammamet Carthage op 1st 2015 (3)}) 7... Nxe5 8. Bxe5 {[%emt 0:00:21] Black is slightly better.} O-O 9. e3 h5 10. Qb3 e6 11. Be2 Re8 12. O-O-O dxc4 13. Qxc4 Bd7 (13... a5 $14) 14. Bxf6 (14. g4 $16 {Strongly threatening gxh5.} hxg4 15. Rhg1) 14... Qxf6 $11 15. Ne4 Qe7 16. f4 (16. g4 $11) 16... f5 ({Black should play} 16... b6 $15) 17. Nc5 b6 18. Nd3 Rac8 19. Bf3 c5 20. dxc5 Bc6 21. e4 fxe4 22. Bxe4 Qf6 {[%emt 0:06:27][%cal Oc6d5] White must now prevent ...Bd5!} 23. Bxc6 Rxc6 24. Rd2 Rd8 (24... Rec8 $5 25. Qe4 Rd6 $11) 25. Rhd1 (25. Qe4 $11 Rc7 26. Re1) 25... Qf5 26. Re1 {[%emt 0:19:55] [#]} (26. Qc2 $11) 26... Rd5 (26... Rd4 $1 $17 27. Qc2 e5) 27. Qa4 Rc8 28. Qe4 Qxe4 29. Rxe4 bxc5 30. b3 (30. Rxe6 $2 Rcd8 31. Rxg6 c4 $19) 30... Rcd8 31. Kc2 R8d6 32. Rd1 Bd4 33. Rde1 Kf7 34. R1e2 Kf6 35. Ne5 Ra6 36. a4 Rd8 37. Nf3 Rb6 38. Rd2 Rb4 39. Ne5 (39. g3 $11) 39... Rb6 (39... Bxe5 $15 40. fxe5+ Kf5 41. Rxd8 Rxe4) 40. Rd3 Rbd6 41. Rg3 Rg8 42. Rg5 Rg7 43. Re2 Rb6 {[%emt 0:01:06] [#]} (43... Rd8 $14) 44. Rd2 ({Better is} 44. g4 $1 $16) 44... Rbb7 (44... Rd6 $14) 45. Rd3 Bf2 46. Nf3 ({White should try} 46. Rh3 $14) 46... Rbc7 (46... Rb4 $11 {remains equal.}) 47. Rd8 $16 Be3 48. g3 Rcd7 49. Rxd7 (49. Re8 $142 {aiming for Re5.} Rge7 50. Rxe7 Rxe7 51. Kd3) 49... Rxd7 {[%emt 0:00:01] KRB-KRN} 50. Ne5 Rg7 (50... Rd2+ $16 51. Kc3 Rd1) 51. Kd3 $18 Bd4 (51... Bf2 {is a better defense.} 52. Ke4 Rg8 53. Nd7+ {[%mdl 64] Discovered Attack} Ke7) 52. Kc4 {[%emt 0:00:15] b4 is the strong threat.} Rg8 $2 (52... Be3 {might work better.} 53. Nd3 Rd7) 53. Nd7+ $2 (53. b4 $18) 53... Ke7 $1 $11 54. Nxc5 (54. Ne5 $11) 54... Bf6 {[%emt 0:00:07] Weighted Error Value: White=0.37/Black=0.32} 1/2-1/2

[Event "20th Delhi GM Open 2023"]
[Site "New Delhi"]
[Date "2023.03.24"]
[Round "3.9"]
[White "Arnav Mahesh Koli"]
[Black "Krasenkow, Michal"]
[Result "0-1"]
[ECO "B14"]
[WhiteElo "1663"]
[BlackElo "2527"]
[Annotator "TA"]
[PlyCount "84"]
[EventDate "2023.03.23"]
[EventType "swiss"]
[EventCountry "IND"]
[SourceTitle "playchess.com"]
[Source "ChessBase"]
[SourceQuality "1"]
[TimeControl "5400+30"]

1. e4 c6 2. d4 d5 3. exd5 cxd5 4. c4 Nf6 5. Nc3 g6 6. Nf3 Bg7 7. cxd5 Nxd5 8. Bb5+ Bd7 9. Qb3 Nxc3 10. bxc3 O-O {[%emt 0:05:58] B14: Caro-Kann: Panov-Botvinnik Attack with 5...e6 and 5...g6.} 11. O-O Be6 12. Bc4 Bxc4 {[%emt 0:00:14] Black is slightly better.} 13. Qxc4 Nc6 14. Ba3 {[%emt 0:02:19] [#]} Qd7 $146 ({Predecessor:} 14... Rc8 15. Qb5 Qc7 16. Rfe1 Rfd8 17. Rab1 b6 18. Qg5 e6 19. Qg4 Na5 20. Bb2 Qc4 {1-0 Visakh,N (2346)-Thejkumar,M (2459) New Delhi Parsvnath op 13th 2015 (10)}) 15. Rfe1 Rfd8 16. Re3 Rac8 {[%emt 0:00:57][%cal Rc6d4] ...Nxd4! would be deadly.} 17. Qe2 ({Not} 17. Ng5 $2 Qf5 18. h4 h6 $19) 17... e6 18. Ng5 Qd5 {[%emt 0:00:47] Against Rf3} 19. Ne4 Na5 {[%emt 0:00:22][%cal Bc6a5,Ba5c4,Bc4d6,Bd6f5][%mdl 32] Threatens to win with ...Nc4.} 20. Be7 Rd7 (20... Nc4 $5) 21. Bf6 Nc4 22. Bxg7 Kxg7 23. Rh3 {[%emt 0:00:38][%cal Oh3h7] Rxh7+! is the strong threat.} h5 24. Rg3 (24. Rf3 $11) 24... Nd6 $15 25. Nc5 {[%emt 0:01:07] Black continues to play with concentration.} (25. Nxd6 $15 Rxd6 26. h3) 25... Rdc7 $17 26. h4 (26. Qe1 $17) 26... Nf5 27. Rg5 {[%emt 0:00:29] [#]} (27. Rh3 $142) 27... b6 $1 $19 28. Nd3 ({Much weaker is} 28. Ne4 f6 29. g4 Nxd4 $19) (28. g4 bxc5 29. gxf5 exf5 30. Rd1) 28... Rxc3 29. Rd1 Qxd4 30. Ne1 Qxh4 31. Qe5+ Kg8 32. Rxg6+ fxg6 33. Rd7 {[%emt 0:00:13] [#]} Re3 $3 34. Qa1 Rec3 {[%emt 0:00:27] aiming for ...Qf4.} 35. Qd1 Qe4 {[%emt 0:01:31] ( -> ...Rc1)} 36. Rd8+ Rxd8 37. Qxd8+ Kf7 38. Nf3 Rc1+ {[%emt 0:00:05] Black mates.} 39. Kh2 Qf4+ 40. g3 Qxf3 41. Qd7+ Ne7 42. Qxe6+ Kxe6 {[%emt 0:00:25] Weighted Error Value: White=1.11/Black=0.24 (precise)} 0-1

[Event "20th Delhi GM Open 2023"]
[Site "New Delhi"]
[Date "2023.03.25"]
[Round "4.1"]
[White "Sethuraman, S.P."]
[Black "Apoorv Kamble"]
[Result "1-0"]
[ECO "E12"]
[WhiteElo "2639"]
[BlackElo "1909"]
[Annotator "TA"]
[PlyCount "111"]
[EventDate "2023.03.23"]
[EventType "swiss"]
[EventCountry "IND"]
[SourceTitle "playchess.com"]
[Source "ChessBase"]
[SourceQuality "1"]
[TimeControl "5400+30"]

1. d4 Nf6 2. c4 e6 3. Nf3 b6 4. Nc3 Bb7 5. a3 d5 6. cxd5 exd5 7. Bf4 Be7 8. e3 O-O 9. Be2 {[%emt 0:00:08] E12: Queen's Indian: Unusual White 4th moves, 4 a3, 4 Nc3 Bb7 5 a3 and 4 Nc3 Bb7 .} Ne4 10. Rc1 {[%emt 0:10:37] Threatening Nxe4.} c5 {[%emt 0:07:08] [#]} 11. dxc5 $146 {[%emt 0:07:21] White is slightly better.} ({Predecessor:} 11. O-O Nd7 12. Ne5 Nxe5 13. dxe5 f5 14. exf6 Nxc3 15. bxc3 Bxf6 16. Bf3 Qd7 17. Qb3 {0-1 Stevanovic,V-Radocaj,D YUG Team-ch35 1983}) 11... Nxc3 $1 12. Rxc3 bxc5 13. O-O Nd7 {[#]} 14. b4 $1 c4 (14... cxb4 15. Rc7 Rb8 16. axb4 $16) 15. Nd4 a5 16. b5 Bf6 17. Bf3 {[%emt 0:00:47][%cal Oc3c4] Black must now prevent Rxc4!} Ne5 18. Be2 a4 19. Bg3 (19. Qd2 $11) 19... Qb6 20. Rc2 Rfd8 21. Rd2 (21. h3 $15) 21... Qc5 (21... Ra5 $1 $17) 22. Qc1 Nd7 23. Rfd1 ({Better is} 23. Bf3 $15) 23... Be7 ({Reject} 23... Bxd4 $6 24. Rxd4 Nf8 25. R4d2 $11 (25. Bxc4 $2 Rdc8 $19)) ({Black should try} 23... Qb6 $1 $17 {Hoping for ...Nc5.} 24. Nc6 Nc5 25. Nxd8 (25. Rxd5 Rxd5 26. Rxd5 Qxb5 $17) 25... Nb3 26. Nxb7 (26. Qc2 Rxd8 27. Rb1 Nxd2 $17) 26... Nxc1 27. Rxc1 Qxb7) 24. Ra2 {[%emt 0:09:44] [#]} (24. Nc6 $11 Bxc6 25. bxc6 Qxc6 26. Rxd5) 24... Nf6 (24... Qb6 $1 $17) 25. Be5 Ne4 26. Bf3 Ng5 27. Bg4 Ne4 28. Qa1 {[%emt 0:01:29][%cal Oe5g7] Bxg7! is the strong threat.} Bf6 (28... Bf8 $11) 29. Bxf6 $14 Nxf6 30. Bf3 Rac8 31. Qc3 Nd7 32. Bg4 Rc7 33. Bxd7 Rcxd7 {[%emt 0:00:08] Black is weak on the dark squares} 34. Rb2 $40 {[%emt 0:00:03][%mdl 128] Black is in trouble.} Rd6 35. Qb4 ({But not} 35. Nf5 d4 36. Nxd4 Rg6 $14) 35... Qa7 36. b6 (36. Rbd2 $18) 36... Qb8 (36... Qa8 $16 {might work better.} 37. Rdb1 Rg6) 37. Qxa4 $18 Rh6 {[%emt 0:00:09] Strongly threatening ...c3.} 38. h3 {[%emt 0:00:28] Active counter play!} Qc8 39. Qc2 Rg6 40. Kh1 (40. a4 $18 {and White stays clearly on top.}) 40... Rdd6 {[%emt 0:00:48] Loses the game.} (40... Qc5 $16 {was worth a try.}) 41. Rdb1 Rg5 {[%emt 0:00:29] [#]} 42. f4 $1 Rh5 43. Qe2 Rdh6 44. f5 Rxf5 (44... Rh4 $142 45. a4 Qe8) 45. Nxf5 Qxf5 46. Qf3 Qc8 47. Rf2 Qd7 48. Qf4 Rc6 {[%emt 0:00:29] Against Qc7} 49. Qd4 {[%emt 0:00:33] Threatens to win with e4.} c3 50. Rc1 Rc4 51. Qe5 d4 (51... f6 52. Qg3 Qd8) 52. exd4 Qxh3+ 53. Kg1 Qd7 {[%emt 0:00:04] Against Qe8+} 54. d5 Bxd5 (54... h6 $142 55. Rxc3 Rxc3 56. Qxc3 Qxd5) 55. Rxc3 (55. Rd1 $142 c2 56. Rxc2 Rxc2 57. Rxd5) 55... Re4 {[%emt 0:00:01] [#]} (55... Rxc3 $18 56. Qxc3 Qe6) 56. Qxd5 $3 {[%emt 0:00:27][%mdl 576] Deflection, Back Rank. Beautiful play by Sethuraman!   Weighted Error Value: White=0.40/Black=0.47} 1-0